WCHLSIM.com - West Coast Hockey League
html PUBLIC "-//W3C//DTD XHTML 1.0 Transitional//EN" "http://www.w3.org/TR/xhtml1/DTD/xhtml1-transitional.dtd"> WCHL - Game 594 - SACRAMENTO BANDITS vs ANCHORAGE ACES

SACRAMENTO BANDITS vs ANCHORAGE ACES

Created - 8 janvier 2020 at 18:16

Goals
1 2 3 T
SACRAMENTO BANDITS 2 2 1 5
ANCHORAGE ACES 2 1 1 4
Shots
1 2 3 T
SACRAMENTO BANDITS 16 13 10 39
ANCHORAGE ACES 10 15 8 33

1st period

1. SACRAMENTO BANDITS , Jonathan Huberdeau 22 (Claude Giroux 37, Aaron Ekblad 8) at 11:14
2. ANCHORAGE ACES , Connor McDavid 32 (Nathan MacKinnon 34) at 13:04
3. ANCHORAGE ACES , Connor McDavid 33 (Nathan MacKinnon 35) at 13:09
4. SACRAMENTO BANDITS , Aleksander Barkov 20 (Aaron Ekblad 9) at 15:30

Penalties :
Darnell Nurse (ANC) for Goalie Interference (Minor) at 2:17

2nd period

5. ANCHORAGE ACES , Ryan Suter 3 (Tyler Bozak 6, Deryk Engelland 8) at 9:50 (SH)
6. SACRAMENTO BANDITS , Jonathan Huberdeau 23 (Claude Giroux 38, Jakub Voracek 17) at 17:03
7. SACRAMENTO BANDITS , Jakub Voracek 13 (Jonathan Huberdeau 35, Kevin Connauton 7) at 17:18

Penalties :
Ben Chiarot (ANC) for Roughing (Minor) at 1:15, Claude Giroux (SAC) for Charging (Minor) at 6:06, Frank Vatrano (ANC) for Holding (Minor) at 9:32

3rd period

8. ANCHORAGE ACES , Connor McDavid 34 (Nathan MacKinnon 36, Niklas Hjalmarsson 7) at 9:39
9. SACRAMENTO BANDITS , Aleksander Barkov 21 (Jamie Benn 18, Kevin Connauton 8) at 11:15

Penalties :
No Penalty

Goalie Stats

Andrei Vasilevskiy (SAC), 29 saves from 33 shots - (0,879), W, 26-8-4, 60:00 minutes
Martin Jones (ANC), 34 saves from 39 shots - (0,872), L, 21-8-5, 59:04 minutes

Players Stats for SACRAMENTO BANDITS

Player Name              G  A  P  +/- PIM S  H  SB GA TA FO     MP     PP MP  PK MP  
------------------------------------------------------------------------------------
Aaron Ekblad             0  2  2   1  0   2  1  1  0  0  0/0    25:11   3:31   1:03 
Aleksander Barkov        2  0  2   1  0   11 0  0  0  0  12/27  18:33   2:26   0:00 
Antoine Roussel          0  0  0   0  0   0  1  0  0  0  0/0     6:34   0:00   0:56 
Carl Gunnarsson          0  0  0  -2  0   0  1  0  0  0  0/0    12:30   0:00   0:00 
Claude Giroux            0  2  2   2  2   5  0  1  0  0  14/22  21:18   3:31   0:00 
Clayton Keller           0  0  0  -2  0   4  0  0  0  0  1/1    12:31   0:00   0:00 
Dale Weise               0  0  0   1  0   0  4  0  0  0  1/2    16:07   0:00   0:00 
Drake Caggiula           0  0  0   0  0   0  1  0  0  0  0/0     5:38   0:00   0:00 
Ivan Provorov            0  0  0   2  0   1  0  3  0  0  0/0    21:47   0:00   0:56 
Jakub Voracek            1  1  2   2  0   3  0  0  0  0  0/3    21:19   3:31   0:00 
Jamie Benn               0  1  1   1  0   1  1  0  0  0  0/0    19:29   2:26   0:56 
Jonathan Huberdeau       2  1  3   2  0   5  4  0  0  0  1/2    21:19   3:31   0:00 
Jordan Martinook         0  0  0  -2  0   3  4  0  0  0  7/17   16:00   2:26   1:03 
Jujhar Khaira            0  0  0  -2  0   1  0  0  0  0  1/2    12:31   0:00   0:00 
Kevin Connauton          0  2  2   2  0   0  2  1  0  0  0/0    21:23   2:26   0:00 
Mattias Ekholm           0  0  0   2  0   2  1  4  0  0  0/0    22:05   2:26   0:56 
Scott Laughton           0  0  0   0  0   1  1  0  0  0  3/6     6:41   0:00   1:03 
Vince Dunn               0  0  0  -3  0   0  0  0  0  0  0/0    17:04   3:31   1:03 

Players Stats for ANCHORAGE ACES

Player Name              G  A  P  +/- PIM S  H  SB GA TA FO     MP     PP MP  PK MP  
------------------------------------------------------------------------------------
Andrew Cogliano          0  0  0   0  0   0  0  0  0  0  0/1    11:11   0:00   0:30 
Ben Chiarot              0  0  0   0  2   0  3  0  0  0  0/0    20:10   0:50   1:48 
Cal Clutterbuck          0  0  0   1  0   0  0  0  0  0  0/1    11:29   0:00   0:48 
Christian Folin          0  0  0   0  0   0  1  0  0  0  0/0     4:33   0:00   0:00 
Connor McDavid           3  0  3   1  0   8  1  0  0  0  3/6    19:25   0:50   0:00 
Darnell Nurse            0  0  0   1  2   1  0  1  0  0  0/0    19:03   1:09   0:41 
Deryk Engelland          0  1  1  -2  0   1  1  2  0  0  0/0    20:45   0:00   3:28 
Frank Vatrano            0  0  0  -3  2   2  2  0  0  0  0/1    21:26   0:50   2:07 
Jacob Trouba             0  0  0   1  0   0  0  4  0  0  0/0    21:08   0:50   2:29 
Jakob Silfverberg        0  0  0  -3  0   1  0  0  0  0  0/0    18:30   0:00   0:00 
Joonas Donskoi           0  0  0   1  0   0  0  0  0  0  0/1    18:20   0:00   0:00 
Leon Draisaitl           0  0  0  -3  0   7  1  0  0  0  16/31  19:20   0:50   0:00 
Nate Thompson            0  0  0   0  0   2  1  1  0  0  4/9     8:14   1:09   2:32 
Nathan MacKinnon         0  3  3   1  0   4  2  0  0  0  13/18  22:01   1:09   2:32 
Niklas Hjalmarsson       0  1  1   0  0   1  0  1  0  0  0/0    16:58   0:00   0:00 
Ryan Suter               1  0  1  -2  0   3  1  1  0  0  0/0    21:54   1:09   3:28 
Tom Kuhnhackl            0  0  0   0  0   1  1  0  0  0  0/0     4:33   0:00   0:00 
Tyler Bozak              0  1  1   1  0   2  0  0  0  0  6/14   15:00   1:09   3:25 

3 Stars

1 - Jonathan Huberdeau (SAC)
2 - Connor McDavid (ANC)
3 - Aleksander Barkov (SAC)

Power Play

SACRAMENTO BANDITS - 0 on 3 Attempt(s) - 0,00%
ANCHORAGE ACES - 0 on 1 Attempt(s) - 0,00%

Penalty Kill

SACRAMENTO BANDITS - 1 on 1 Attempt(s) - 100,00% - Score 0 goal in Penalty Kill
ANCHORAGE ACES - 3 on 3 Attempt(s) - 100,00% - Score 1 goal in Penalty Kill

Team Stat

SACRAMENTO BANDITS - Hits : 21 - Faceoff Wins : 40 - Blocked Shots : 10 - Penalty Minutes : 2
ANCHORAGE ACES - Hits : 14 - Faceoff Wins : 42 - Blocked Shots : 10 - Penalty Minutes : 6

Official

Referees : Justin StPierre and Peter Tarnaris
Linesman : Greg McAlpine and Bryan Pancich

Game Notes

Connor McDavid has scored a Hat Trick!

Finance

Level 1 -- Attendance: 5472 (91,20%) -- Ticket Income 738 720 $
Level 2 -- Attendance: 3767 (75,34%) -- Ticket Income 406 836 $
Level 3 -- Attendance: 1680 (84,00%) -- Ticket Income 142 800 $
Level 4 -- Attendance: 4000 (100,00%) -- Ticket Income 180 000 $
Luxury Box -- Attendance: 1000 (100,00%) -- Ticket Income 210 000 $
Game was played at the Alaska Center.
Total Attendance: 15919 (88,44%)
Total Ticket Income: 1 678 356 $
Other Income: 503 507 $
Total Income: 2 181 863 $

SACRAMENTO BANDITS

5 vs 5 Forward 
   Center                   Left Wing                Right Wing               Time % Phy DF OF 
 1 Claude Giroux            Jonathan Huberdeau       Jakub Voracek            34     0   1  4  
 2 Aleksander Barkov        Dale Weise               Jamie Benn               34     0   1  4  
 3 Jordan Martinook         Jujhar Khaira            Clayton Keller           22     0   3  2  
 4 Scott Laughton           Antoine Roussel          Drake Caggiula           10     0   3  2  

5 vs 5 Defense 
   Defense                  Defense                                           Time % Phy DF OF 
 1 Aaron Ekblad             Ivan Provorov                                     43     0   1  4  
 2 Kevin Connauton          Mattias Ekholm                                    37     0   2  3  
 3 Vince Dunn               Carl Gunnarsson                                   20     1   4  0  
 4 Aaron Ekblad             Mattias Ekholm                                    0      1   2  2  

PowerPlay Forward 
   Center                   Left Wing                Right Wing               Time % Phy DF OF 
 1 Aleksander Barkov        Jordan Martinook         Jamie Benn               55     0   0  5  
 2 Claude Giroux            Jonathan Huberdeau       Jakub Voracek            45     0   0  5  

PowerPlay Defense
   Defense                  Defense                                           Time % Phy DF OF 
 1 Kevin Connauton          Mattias Ekholm                                    57     0   0  5  
 2 Aaron Ekblad             Vince Dunn                                        43     0   0  5  

Penalty Kill 4 Players Forward 
   Center                   Wing                     Time % Phy DF OF 
 1 Scott Laughton           Jordan Martinook         55     0   5  0  
 2 Jamie Benn               Antoine Roussel          45     0   5  0  

Penalty Kill 4 Players Defense
   Defense                  Defense                  Time % Phy DF OF 
 1 Mattias Ekholm           Ivan Provorov            55     0   5  0  
 2 Aaron Ekblad             Vince Dunn               45     0   5  0  

Penalty Kill - 3 Players Forward 
   Forward                                           Time % Phy DF OF 
 1 Jordan Martinook                                  55     0   5  0  
 2 Jamie Benn                                        45     0   5  0  

Penalty Kill - 3 Players Defense
   Defense                  Defense                  Time % Phy DF OF 
 1 Ivan Provorov            Kevin Connauton          55     0   5  0  
 2 Aaron Ekblad             Mattias Ekholm           45     0   5  0  

4 vs 4 Forward 
   Center                   Wing                     Time % Phy DF OF 
 1 Jordan Martinook         Clayton Keller           55     0   2  3  
 2 Jujhar Khaira            Scott Laughton           45     0   2  3  

4 vs 4 Defense
   Defense                  Defense                  Time % Phy DF OF 
 1 Kevin Connauton          Vince Dunn               55     0   2  3  
 2 Carl Gunnarsson          Mattias Ekholm           45     0   2  3  

Last Minutes Offensive
   Center                   Left Wing                Right Wing               Defense                  Defense                  
   Aleksander Barkov        Jamie Benn               Jakub Voracek            Carl Gunnarsson          Aaron Ekblad             

Last Minutes Defensive
   Center                   Left Wing                Right Wing               Defense                  Defense                  
   Aleksander Barkov        Jakub Voracek            Jamie Benn               Carl Gunnarsson          Aaron Ekblad             

Goaltenders
Starting : Andrei Vasilevskiy       
Backup : Ryan Miller              

Extra Forwards
Normal : Clayton Keller, Jakub Voracek, Jordan Martinook - PP : Clayton Keller, Jordan Martinook - PK : Jamie Benn
Extra Defensemen
Normal : Vince Dunn, Kevin Connauton, Aaron Ekblad - PP : Mattias Ekholm - PK : Aaron Ekblad, Mattias Ekholm
Penalty Shots
Aleksander Barkov, Jonathan Huberdeau, Claude Giroux, Jakub Voracek, Jamie Benn
Custom OT Lines Forwards
Claude Giroux, Jonathan Huberdeau, Jakub Voracek, Aleksander Barkov, Jamie Benn, Scott Laughton, Antoine Roussel, Jujhar Khaira, Clayton Keller, Jordan Martinook
Custom OT Lines Defensemen
Carl Gunnarsson, Aaron Ekblad, Vince Dunn, Mattias Ekholm, Kevin Connauton

Scratches
Nikolaj Ehlers (Torso Injury), John Carlson (Strained Groin Injury)

ANCHORAGE ACES

5 vs 5 Forward 
   Center                   Left Wing                Right Wing               Time % Phy DF OF 
 1 Nathan MacKinnon         Connor McDavid           Joonas Donskoi           35     0   1  4  
 2 Leon Draisaitl           Frank Vatrano            Jakob Silfverberg        35     0   2  3  
 3 Tyler Bozak              Andrew Cogliano          Cal Clutterbuck          20     1   2  2  
 4 Nate Thompson            Christian Folin          Tom Kuhnhackl            10     1   2  2  

5 vs 5 Defense 
   Defense                  Defense                                           Time % Phy DF OF 
 1 Jacob Trouba             Darnell Nurse                                     33     1   2  2  
 2 Ryan Suter               Deryk Engelland                                   33     1   2  2  
 3 Niklas Hjalmarsson       Ben Chiarot                                       33     1   2  2  
 4 Ryan Suter               Jacob Trouba                                      1      1   2  2  

PowerPlay Forward 
   Center                   Left Wing                Right Wing               Time % Phy DF OF 
 1 Connor McDavid           Leon Draisaitl           Frank Vatrano            55     0   1  4  
 2 Nathan MacKinnon         Tyler Bozak              Nate Thompson            45     0   1  4  

PowerPlay Defense
   Defense                  Defense                                           Time % Phy DF OF 
 1 Ryan Suter               Darnell Nurse                                     55     1   2  2  
 2 Jacob Trouba             Ben Chiarot                                       45     1   2  2  

Penalty Kill 4 Players Forward 
   Center                   Wing                     Time % Phy DF OF 
 1 Tyler Bozak              Frank Vatrano            55     1   2  2  
 2 Nate Thompson            Nathan MacKinnon         45     1   2  2  

Penalty Kill 4 Players Defense
   Defense                  Defense                  Time % Phy DF OF 
 1 Ryan Suter               Deryk Engelland          55     1   3  1  
 2 Ben Chiarot              Jacob Trouba             45     1   3  1  

Penalty Kill - 3 Players Forward 
   Forward                                           Time % Phy DF OF 
 1 Tyler Bozak                                       55     0   5  0  
 2 Nate Thompson                                     45     0   5  0  

Penalty Kill - 3 Players Defense
   Defense                  Defense                  Time % Phy DF OF 
 1 Jacob Trouba             Deryk Engelland          55     1   4  0  
 2 Darnell Nurse            Ryan Suter               45     1   4  0  

4 vs 4 Forward 
   Center                   Wing                     Time % Phy DF OF 
 1 Nathan MacKinnon         Connor McDavid           55     1   2  2  
 2 Leon Draisaitl           Frank Vatrano            45     1   2  2  

4 vs 4 Defense
   Defense                  Defense                  Time % Phy DF OF 
 1 Ryan Suter               Jacob Trouba             55     1   2  2  
 2 Darnell Nurse            Deryk Engelland          45     1   2  2  

Last Minutes Offensive
   Center                   Left Wing                Right Wing               Defense                  Defense                  
   Nathan MacKinnon         Leon Draisaitl           Connor McDavid           Ryan Suter               Jacob Trouba             

Last Minutes Defensive
   Center                   Left Wing                Right Wing               Defense                  Defense                  
   Nathan MacKinnon         Leon Draisaitl           Frank Vatrano            Ryan Suter               Jacob Trouba             

Goaltenders
Starting : Martin Jones             
Backup : James Reimer             

Extra Forwards
Normal : Tyler Bozak, Nathan MacKinnon, Cal Clutterbuck - PP : Nathan MacKinnon, Nate Thompson - PK : Cal Clutterbuck
Extra Defensemen
Normal : Deryk Engelland, Ben Chiarot, Darnell Nurse - PP : Deryk Engelland - PK : Ben Chiarot, Darnell Nurse
Penalty Shots
Connor McDavid, Nathan MacKinnon, Leon Draisaitl, Frank Vatrano, Jakob Silfverberg
Custom OT Lines Forwards
Nathan MacKinnon, Connor McDavid, Leon Draisaitl, Frank Vatrano, Jakob Silfverberg, Tyler Bozak, Joonas Donskoi, Nate Thompson, Cal Clutterbuck, Andrew Cogliano
Custom OT Lines Defensemen
Ryan Suter, Jacob Trouba, Darnell Nurse, Deryk Engelland, Niklas Hjalmarsson

Scratches
Braden Christoffer (Healthy), Brendan Woods (Healthy), Chris Kreider (Bruised Left Leg Injury), Frank Hora (Healthy), Jonathan Racine (Healthy)
Reid Gardiner (Healthy), Ville Husso (Healthy)

% Time on Ice - SACRAMENTO BANDITS

Lines # - Real PCT - Wanted PCT - Time Play
Normal Forward
1 - 34% - 34% - 17:48
2 - 31% - 34% - 16:07
3 - 24% - 22% - 12:31
4 - 11% - 10% - 5:38
Normal Defense
1 - 40% - 43% - 20:51
2 - 36% - 37% - 18:39
3 - 24% - 20% - 12:30
4 - 0% - 0% - 0:04
PP Forward
1 - 41% - 55% - 2:26
2 - 59% - 45% - 3:31
PP Defense
1 - 41% - 57% - 2:26
2 - 59% - 43% - 3:31
PK Forward
1 - 53% - 55% - 1:03
2 - 47% - 45% - 0:56
PK Defense
1 - 47% - 55% - 0:56
2 - 53% - 45% - 1:03
PK3 Forward
1 - 0% - 55%
2 - 0% - 45%
PK3 Defense
1 - 0% - 55%
2 - 0% - 45%
44 Forward
1 - 0% - 55%
2 - 0% - 45%
44 Defense
1 - 0% - 55%
2 - 0% - 45%
Last Minute Offensive  - 0:00
Last Minute Defensive  - 0:00
Total
Forward - 60:00
Defense - 60:00

% Time on Ice - ANCHORAGE ACES

Lines # - Real PCT - Wanted PCT - Time Play
Normal Forward
1 - 34% - 35% - 17:45
2 - 36% - 35% - 18:30
3 - 21% - 20% - 10:41
4 - 9% - 10% - 4:33
Normal Defense
1 - 33% - 33% - 17:14
2 - 34% - 33% - 17:17
3 - 33% - 33% - 16:58
4 - 0% - 1% - 0:00
PP Forward
1 - 42% - 55% - 0:50
2 - 58% - 45% - 1:09
PP Defense
1 - 58% - 55% - 1:09
2 - 42% - 45% - 0:50
PK Forward
1 - 57% - 55% - 3:25
2 - 43% - 45% - 2:32
PK Defense
1 - 58% - 55% - 3:28
2 - 42% - 45% - 2:29
PK3 Forward
1 - 0% - 55%
2 - 0% - 45%
PK3 Defense
1 - 0% - 55%
2 - 0% - 45%
44 Forward
1 - 0% - 55%
2 - 0% - 45%
44 Defense
1 - 0% - 55%
2 - 0% - 45%
Last Minute Offensive  - 0:35
Last Minute Defensive  - 0:00
Total
Forward - 60:00
Defense - 60:00

Play-by-Play

1st period


0:01 of 1st period - Jonathan Huberdeau wins face-off versus Nathan MacKinnon in neutral zone.
0:16 of 1st period - Shot by Jakub Voracek.
0:16 of 1st period - Shot Misses the Net.
0:18 of 1st period - Shot by Ivan Provorov.
0:18 of 1st period - Stopped by Martin Jones without a rebound.
0:19 of 1st period - Aleksander Barkov wins face-off versus Leon Draisaitl in ANCHORAGE ACES zone.
0:32 of 1st period - Shot by Aleksander Barkov.
0:32 of 1st period - Stopped by Martin Jones without a rebound.
0:33 of 1st period - Jordan Martinook wins face-off versus Tyler Bozak in ANCHORAGE ACES zone.
0:57 of 1st period - Off-side.
0:58 of 1st period - Scott Laughton wins face-off versus Leon Draisaitl in neutral zone.
1:03 of 1st period - Shot by Drake Caggiula.
1:03 of 1st period - Shot Misses the Net.
1:29 of 1st period - Shot by Drake Caggiula.
1:29 of 1st period - Shot Misses the Net.
2:17 of 1st period - Minor Penalty to Darnell Nurse for Goalie Interference.
2:18 of 1st period - Claude Giroux wins face-off versus Frank Vatrano in ANCHORAGE ACES zone.
2:29 of 1st period - Shot by Jakub Voracek.
2:29 of 1st period - Stopped by Martin Jones without a rebound.
2:30 of 1st period - Aleksander Barkov wins face-off versus Nate Thompson in ANCHORAGE ACES zone.
4:12 of 1st period - Off-side.
4:13 of 1st period - Aleksander Barkov wins face-off versus Tyler Bozak in neutral zone.
4:37 of 1st period - Shot by Antoine Roussel.
4:37 of 1st period - Shot Misses the Net.
5:29 of 1st period - Shot by Aleksander Barkov.
5:29 of 1st period - Shot Misses the Net.
5:48 of 1st period - Jamie Benn is hit by Ben Chiarot and loses puck.
6:12 of 1st period - Jonathan Huberdeau is hit by Ben Chiarot and loses puck.
6:15 of 1st period - Shot by Carl Gunnarsson.
6:15 of 1st period - Shot Blocked by Niklas Hjalmarsson.
6:17 of 1st period - Shot by Carl Gunnarsson.
6:17 of 1st period - Shot Misses the Net.
6:19 of 1st period - Shot by Jakub Voracek.
6:19 of 1st period - Shot Misses the Net.
6:21 of 1st period - Shot by Claude Giroux.
6:21 of 1st period - Stopped by Martin Jones without a rebound.
6:22 of 1st period - Jordan Martinook wins face-off versus Leon Draisaitl in ANCHORAGE ACES zone.
6:31 of 1st period - Shot by Clayton Keller.
6:31 of 1st period - Stopped by Martin Jones without a rebound.
6:32 of 1st period - Claude Giroux wins face-off versus Nate Thompson in ANCHORAGE ACES zone.
6:43 of 1st period - Shot by Deryk Engelland.
6:43 of 1st period - Stopped by Andrei Vasilevskiy without a rebound.
6:44 of 1st period - Jordan Martinook wins face-off versus Leon Draisaitl in SACRAMENTO BANDITS zone.
6:46 of 1st period - Icing by Clayton Keller.
6:47 of 1st period - Nathan MacKinnon wins face-off versus Jordan Martinook in SACRAMENTO BANDITS zone.
7:29 of 1st period - Shot by Nathan MacKinnon.
7:29 of 1st period - Stopped by Andrei Vasilevskiy without a rebound.
7:30 of 1st period - Claude Giroux wins face-off versus Leon Draisaitl in SACRAMENTO BANDITS zone.
7:37 of 1st period - Ryan Suter is hit by Jonathan Huberdeau and loses puck.
8:00 of 1st period - Shot by Jonathan Huberdeau.
8:00 of 1st period - Shot Misses the Net.
8:02 of 1st period - Shot by Jonathan Huberdeau.
8:02 of 1st period - Shot Misses the Net.
8:12 of 1st period - Shot by Jonathan Huberdeau.
8:12 of 1st period - Shot Misses the Net.
8:14 of 1st period - Shot by Mattias Ekholm.
8:14 of 1st period - Stopped by Martin Jones with a rebound.
8:23 of 1st period - Icing by Ryan Suter.
8:24 of 1st period - Leon Draisaitl wins face-off versus Aleksander Barkov in ANCHORAGE ACES zone.
8:36 of 1st period - Off-side.
8:37 of 1st period - Connor McDavid wins face-off versus Jordan Martinook in neutral zone.
9:03 of 1st period - Shot by Connor McDavid.
9:03 of 1st period - Stopped by Andrei Vasilevskiy without a rebound.
9:04 of 1st period - Nate Thompson wins face-off versus Claude Giroux in SACRAMENTO BANDITS zone.
9:31 of 1st period - Shot by Claude Giroux.
9:31 of 1st period - Deflect By Jonathan Huberdeau.
9:31 of 1st period - Shot Blocked by Darnell Nurse.
10:03 of 1st period - Shot by Jamie Benn.
10:03 of 1st period - Shot Blocked by Jacob Trouba.
10:13 of 1st period - Shot by Aleksander Barkov.
10:13 of 1st period - Stopped by Martin Jones without a rebound.
10:14 of 1st period - Jujhar Khaira wins face-off versus Leon Draisaitl in ANCHORAGE ACES zone.
10:15 of 1st period - Shot by Jordan Martinook.
10:15 of 1st period - Stopped by Martin Jones without a rebound.
10:16 of 1st period - Jordan Martinook wins face-off versus Leon Draisaitl in ANCHORAGE ACES zone.
10:19 of 1st period - Shot by Clayton Keller.
10:19 of 1st period - Stopped by Martin Jones without a rebound.
10:20 of 1st period - Aleksander Barkov wins face-off versus Leon Draisaitl in ANCHORAGE ACES zone.
10:35 of 1st period - Shot by Frank Vatrano.
10:35 of 1st period - Stopped by Andrei Vasilevskiy with a rebound.
10:37 of 1st period - Shot by Niklas Hjalmarsson.
10:37 of 1st period - Shot Misses the Net.
10:39 of 1st period - Shot by Niklas Hjalmarsson.
10:39 of 1st period - Stopped by Andrei Vasilevskiy without a rebound.
10:40 of 1st period - Claude Giroux wins face-off versus Nathan MacKinnon in SACRAMENTO BANDITS zone.
10:40 of 1st period - Claude Giroux is hit by Nathan MacKinnon.
11:04 of 1st period - Shot by Claude Giroux.
11:04 of 1st period - Stopped by Martin Jones with a rebound.
11:14 of 1st period - Shot by Jonathan Huberdeau.
11:14 of 1st period - Goal by Jonathan Huberdeau - SACRAMENTO BANDITS : 1 - ANCHORAGE ACES : 0.
11:15 of 1st period - Dale Weise wins face-off versus Leon Draisaitl in neutral zone.
12:28 of 1st period - Shot by Jonathan Huberdeau.
12:28 of 1st period - Shot Misses the Net.
12:44 of 1st period - Jonathan Huberdeau is hit by Ryan Suter and loses puck.
12:56 of 1st period - Shot by Ryan Suter.
12:56 of 1st period - Stopped by Andrei Vasilevskiy without a rebound.
12:57 of 1st period - Nathan MacKinnon wins face-off versus Jordan Martinook in SACRAMENTO BANDITS zone.
13:04 of 1st period - Shot by Connor McDavid.
13:04 of 1st period - Goal by Connor McDavid - SACRAMENTO BANDITS : 1 - ANCHORAGE ACES : 1.
13:05 of 1st period - Nathan MacKinnon wins face-off versus Jujhar Khaira in neutral zone.
13:05 of 1st period - Nathan MacKinnon is hit by Jordan Martinook.
13:09 of 1st period - Shot by Connor McDavid.
13:09 of 1st period - Goal by Connor McDavid - SACRAMENTO BANDITS : 1 - ANCHORAGE ACES : 2.
13:10 of 1st period - Connor McDavid wins face-off versus Jordan Martinook in neutral zone.
13:19 of 1st period - Shot by Nathan MacKinnon.
13:19 of 1st period - Stopped by Andrei Vasilevskiy with a rebound.
13:35 of 1st period - Shot by Jordan Martinook.
13:35 of 1st period - Stopped by Martin Jones without a rebound.
13:36 of 1st period - Leon Draisaitl wins face-off versus Aleksander Barkov in ANCHORAGE ACES zone.
13:36 of 1st period - Frank Vatrano is hit by Dale Weise and loses puck.
13:43 of 1st period - Shot by Aleksander Barkov.
13:43 of 1st period - Stopped by Martin Jones with a rebound.
13:51 of 1st period - Shot by Aleksander Barkov.
13:51 of 1st period - Shot Misses the Net.
14:01 of 1st period - Shot by Jamie Benn.
14:01 of 1st period - Deflect By Aleksander Barkov.
14:01 of 1st period - Stopped by Martin Jones without a rebound.
14:02 of 1st period - Claude Giroux wins face-off versus Nathan MacKinnon in ANCHORAGE ACES zone.
14:02 of 1st period - Claude Giroux is hit by Deryk Engelland.
14:04 of 1st period - Shot by Jonathan Huberdeau.
14:04 of 1st period - Shot Misses the Net.
15:06 of 1st period - Shot by Aleksander Barkov.
15:06 of 1st period - Deflect By Jamie Benn.
15:06 of 1st period - Shot Misses the Net.
15:12 of 1st period - Shot by Jamie Benn.
15:12 of 1st period - Shot Blocked by Ryan Suter.
15:30 of 1st period - Shot by Aleksander Barkov.
15:30 of 1st period - Goal by Aleksander Barkov - SACRAMENTO BANDITS : 2 - ANCHORAGE ACES : 2.
15:31 of 1st period - Leon Draisaitl wins face-off versus Jordan Martinook in neutral zone.
15:34 of 1st period - Jordan Martinook is hit by Frank Vatrano and loses puck.
16:21 of 1st period - Jakob Silfverberg is hit by Antoine Roussel and loses puck.
16:52 of 1st period - Shot by Antoine Roussel.
16:52 of 1st period - Shot Blocked by Jacob Trouba.
16:54 of 1st period - Shot by Aaron Ekblad.
16:54 of 1st period - Shot Blocked by Jacob Trouba.
17:38 of 1st period - Shot by Aleksander Barkov.
17:38 of 1st period - Stopped by Martin Jones without a rebound.
17:39 of 1st period - Tyler Bozak wins face-off versus Jakub Voracek in ANCHORAGE ACES zone.
18:40 of 1st period - Shot by Nathan MacKinnon.
18:40 of 1st period - Stopped by Andrei Vasilevskiy with a rebound.
18:42 of 1st period - Shot by Deryk Engelland.
18:42 of 1st period - Shot Misses the Net.
18:48 of 1st period - Shot by Nathan MacKinnon.
18:48 of 1st period - Shot Misses the Net.
18:50 of 1st period - Shot by Deryk Engelland.
18:50 of 1st period - Shot Misses the Net.
19:10 of 1st period - Clayton Keller is hit by Nathan MacKinnon and loses puck.
Goals for this period are 2 for SACRAMENTO BANDITS vs 2 for ANCHORAGE ACES.
Shots for this period are 16 for SACRAMENTO BANDITS vs 10 for ANCHORAGE ACES.

2nd period


0:01 of 2nd period - Nathan MacKinnon wins face-off versus Aleksander Barkov in neutral zone.
0:04 of 2nd period - Shot by Nathan MacKinnon.
0:04 of 2nd period - Shot Blocked by Mattias Ekholm.
0:06 of 2nd period - Shot by Nathan MacKinnon.
0:06 of 2nd period - Shot Blocked by Mattias Ekholm.
0:08 of 2nd period - Shot by Joonas Donskoi.
0:08 of 2nd period - Shot Blocked by Mattias Ekholm.
0:34 of 2nd period - Niklas Hjalmarsson is hit by Dale Weise and loses puck.
0:51 of 2nd period - Ben Chiarot is hit by Dale Weise and loses puck.
1:15 of 2nd period - Minor Penalty to Ben Chiarot for Roughing.
1:16 of 2nd period - Claude Giroux wins face-off versus Tyler Bozak in ANCHORAGE ACES zone.
1:19 of 2nd period - Shot by Claude Giroux.
1:19 of 2nd period - Stopped by Martin Jones without a rebound.
1:20 of 2nd period - Claude Giroux wins face-off versus Tyler Bozak in ANCHORAGE ACES zone.
1:41 of 2nd period - Shot by Jakub Voracek.
1:41 of 2nd period - Shot Misses the Net.
1:43 of 2nd period - Shot by Aaron Ekblad.
1:43 of 2nd period - Stopped by Martin Jones without a rebound.
1:44 of 2nd period - Aleksander Barkov wins face-off versus Tyler Bozak in ANCHORAGE ACES zone.
2:14 of 2nd period - Shot by Aleksander Barkov.
2:14 of 2nd period - Shot Blocked by Nate Thompson.
3:04 of 2nd period - Shot by Jakub Voracek.
3:04 of 2nd period - Shot Misses the Net.
3:22 of 2nd period - Shot by Scott Laughton.
3:22 of 2nd period - Shot Misses the Net.
3:24 of 2nd period - Shot by Ivan Provorov.
3:24 of 2nd period - Shot Misses the Net.
3:26 of 2nd period - Shot by Scott Laughton.
3:26 of 2nd period - Shot Misses the Net.
3:28 of 2nd period - Shot by Scott Laughton.
3:28 of 2nd period - Stopped by Martin Jones without a rebound.
3:29 of 2nd period - Clayton Keller wins face-off versus Connor McDavid in ANCHORAGE ACES zone.
4:05 of 2nd period - Icing by Nathan MacKinnon.
4:06 of 2nd period - Aleksander Barkov wins face-off versus Joonas Donskoi in ANCHORAGE ACES zone.
4:07 of 2nd period - Shot by Jamie Benn.
4:07 of 2nd period - Stopped by Martin Jones with a rebound.
4:32 of 2nd period - Icing by Carl Gunnarsson.
4:33 of 2nd period - Leon Draisaitl wins face-off versus Aleksander Barkov in SACRAMENTO BANDITS zone.
4:35 of 2nd period - Jakob Silfverberg is hit by Carl Gunnarsson and loses puck.
5:29 of 2nd period - Shot by Claude Giroux.
5:29 of 2nd period - Stopped by Martin Jones without a rebound.
5:30 of 2nd period - Jordan Martinook wins face-off versus Tyler Bozak in ANCHORAGE ACES zone.
5:59 of 2nd period - Shot by Clayton Keller.
5:59 of 2nd period - Stopped by Martin Jones without a rebound.
6:00 of 2nd period - Nathan MacKinnon wins face-off versus Claude Giroux in ANCHORAGE ACES zone.
6:00 of 2nd period - Joonas Donskoi is hit by Jonathan Huberdeau and loses puck.
6:06 of 2nd period - Minor Penalty to Claude Giroux for Charging.
6:07 of 2nd period - Scott Laughton wins face-off versus Nate Thompson in SACRAMENTO BANDITS zone.
6:07 of 2nd period - Scott Laughton is hit by Nate Thompson.
8:01 of 2nd period - Shot by Ryan Suter.
8:01 of 2nd period - Shot Blocked by Ivan Provorov.
8:03 of 2nd period - Shot by Darnell Nurse.
8:03 of 2nd period - Shot Misses the Net.
8:05 of 2nd period - Shot by Nate Thompson.
8:05 of 2nd period - Stopped by Andrei Vasilevskiy with a rebound.
8:07 of 2nd period - Shot by Deryk Engelland.
8:07 of 2nd period - Shot Blocked by Claude Giroux.
8:16 of 2nd period - Connor McDavid is hit by Kevin Connauton and loses puck.
8:20 of 2nd period - Icing by Kevin Connauton.
8:21 of 2nd period - Claude Giroux wins face-off versus Nate Thompson in SACRAMENTO BANDITS zone.
8:21 of 2nd period - Claude Giroux is hit by Christian Folin.
8:37 of 2nd period - Shot by Jonathan Huberdeau.
8:37 of 2nd period - Shot Misses the Net.
8:55 of 2nd period - Shot by Jonathan Huberdeau.
8:55 of 2nd period - Deflect By Claude Giroux.
8:55 of 2nd period - Stopped by Martin Jones with a rebound.
9:06 of 2nd period - Icing by Niklas Hjalmarsson.
9:07 of 2nd period - Nate Thompson wins face-off versus Aleksander Barkov in ANCHORAGE ACES zone.
9:07 of 2nd period - Nate Thompson is hit by Dale Weise.
9:13 of 2nd period - Aaron Ekblad is hit by Tom Kuhnhackl and loses puck.
9:17 of 2nd period - Icing by Aaron Ekblad.
9:18 of 2nd period - Leon Draisaitl wins face-off versus Aleksander Barkov in SACRAMENTO BANDITS zone.
9:32 of 2nd period - Minor Penalty to Frank Vatrano for Holding.
9:33 of 2nd period - Tyler Bozak wins face-off versus Claude Giroux in ANCHORAGE ACES zone.
9:48 of 2nd period - Shot by Tyler Bozak.
9:48 of 2nd period - Shot Misses the Net.
9:50 of 2nd period - Shot by Ryan Suter.
9:50 of 2nd period - Goal by Ryan Suter - SACRAMENTO BANDITS : 2 - ANCHORAGE ACES : 3.
9:51 of 2nd period - Tyler Bozak wins face-off versus Jordan Martinook in neutral zone.
11:35 of 2nd period - Icing by Darnell Nurse.
11:36 of 2nd period - Leon Draisaitl wins face-off versus Scott Laughton in ANCHORAGE ACES zone.
11:41 of 2nd period - Darnell Nurse is hit by Drake Caggiula and loses puck.
11:53 of 2nd period - Shot by Jakob Silfverberg.
11:53 of 2nd period - Shot Misses the Net.
11:55 of 2nd period - Shot by Leon Draisaitl.
11:55 of 2nd period - Stopped by Andrei Vasilevskiy without a rebound.
11:56 of 2nd period - Nathan MacKinnon wins face-off versus Aleksander Barkov in SACRAMENTO BANDITS zone.
12:04 of 2nd period - Icing by Mattias Ekholm.
12:05 of 2nd period - Leon Draisaitl wins face-off versus Aleksander Barkov in SACRAMENTO BANDITS zone.
12:34 of 2nd period - Shot by Frank Vatrano.
12:34 of 2nd period - Shot Misses the Net.
12:36 of 2nd period - Shot by Leon Draisaitl.
12:36 of 2nd period - Stopped by Andrei Vasilevskiy without a rebound.
12:37 of 2nd period - Nathan MacKinnon wins face-off versus Jonathan Huberdeau in SACRAMENTO BANDITS zone.
12:58 of 2nd period - Shot by Connor McDavid.
12:58 of 2nd period - Shot Misses the Net.
13:00 of 2nd period - Shot by Deryk Engelland.
13:00 of 2nd period - Shot Misses the Net.
13:02 of 2nd period - Shot by Connor McDavid.
13:02 of 2nd period - Shot Misses the Net.
13:06 of 2nd period - Shot by Nathan MacKinnon.
13:06 of 2nd period - Deflect By Joonas Donskoi.
13:06 of 2nd period - Shot Misses the Net.
13:08 of 2nd period - Shot by Ryan Suter.
13:08 of 2nd period - Stopped by Andrei Vasilevskiy with a rebound.
13:10 of 2nd period - Shot by Connor McDavid.
13:10 of 2nd period - Stopped by Andrei Vasilevskiy with a rebound.
13:41 of 2nd period - Clayton Keller is hit by Ben Chiarot.
13:55 of 2nd period - Shot by Jordan Martinook.
13:55 of 2nd period - Stopped by Martin Jones without a rebound.
13:56 of 2nd period - Leon Draisaitl wins face-off versus Aleksander Barkov in ANCHORAGE ACES zone.
13:56 of 2nd period - Leon Draisaitl is hit by Jamie Benn.
14:15 of 2nd period - Icing by Mattias Ekholm.
14:16 of 2nd period - Aleksander Barkov wins face-off versus Nate Thompson in SACRAMENTO BANDITS zone.
14:21 of 2nd period - Shot by Tom Kuhnhackl.
14:21 of 2nd period - Stopped by Andrei Vasilevskiy without a rebound.
14:22 of 2nd period - Jordan Martinook wins face-off versus Leon Draisaitl in SACRAMENTO BANDITS zone.
14:49 of 2nd period - Shot by Leon Draisaitl.
14:49 of 2nd period - Stopped by Andrei Vasilevskiy without a rebound.
14:50 of 2nd period - Claude Giroux wins face-off versus Connor McDavid in SACRAMENTO BANDITS zone.
14:50 of 2nd period - Claude Giroux is hit by Connor McDavid.
15:01 of 2nd period - Connor McDavid is hit by Mattias Ekholm and loses puck.
15:16 of 2nd period - Shot by Jakub Voracek.
15:16 of 2nd period - Stopped by Martin Jones without a rebound.
15:17 of 2nd period - Leon Draisaitl wins face-off versus Aleksander Barkov in ANCHORAGE ACES zone.
15:43 of 2nd period - Off-side.
15:44 of 2nd period - Tyler Bozak wins face-off versus Jakub Voracek in neutral zone.
15:46 of 2nd period - Jacob Trouba is hit by Kevin Connauton and loses puck.
16:15 of 2nd period - Shot by Tyler Bozak.
16:15 of 2nd period - Stopped by Andrei Vasilevskiy without a rebound.
16:16 of 2nd period - Leon Draisaitl wins face-off versus Aleksander Barkov in SACRAMENTO BANDITS zone.
16:25 of 2nd period - Shot by Leon Draisaitl.
16:25 of 2nd period - Stopped by Andrei Vasilevskiy without a rebound.
16:26 of 2nd period - Nathan MacKinnon wins face-off versus Jordan Martinook in SACRAMENTO BANDITS zone.
16:29 of 2nd period - Shot by Connor McDavid.
16:29 of 2nd period - Stopped by Andrei Vasilevskiy without a rebound.
16:30 of 2nd period - Nathan MacKinnon wins face-off versus Aleksander Barkov in SACRAMENTO BANDITS zone.
16:42 of 2nd period - Connor McDavid is hit by Aaron Ekblad and loses puck.
16:57 of 2nd period - Shot by Aleksander Barkov.
16:57 of 2nd period - Stopped by Martin Jones without a rebound.
16:58 of 2nd period - Claude Giroux wins face-off versus Leon Draisaitl in ANCHORAGE ACES zone.
17:03 of 2nd period - Shot by Jonathan Huberdeau.
17:03 of 2nd period - Goal by Jonathan Huberdeau - SACRAMENTO BANDITS : 3 - ANCHORAGE ACES : 3.
17:04 of 2nd period - Leon Draisaitl wins face-off versus Claude Giroux in neutral zone.
17:18 of 2nd period - Shot by Jakub Voracek.
17:18 of 2nd period - Goal by Jakub Voracek - SACRAMENTO BANDITS : 4 - ANCHORAGE ACES : 3.
17:19 of 2nd period - Aleksander Barkov wins face-off versus Connor McDavid in neutral zone.
17:29 of 2nd period - Icing by Nathan MacKinnon.
17:30 of 2nd period - Connor McDavid wins face-off versus Claude Giroux in ANCHORAGE ACES zone.
17:30 of 2nd period - Connor McDavid is hit by Jonathan Huberdeau.
18:07 of 2nd period - Shot by Nathan MacKinnon.
18:07 of 2nd period - Shot Blocked by Kevin Connauton.
18:37 of 2nd period - Shot by Jakob Silfverberg.
18:37 of 2nd period - Stopped by Andrei Vasilevskiy with a rebound.
18:39 of 2nd period - Shot by Jakob Silfverberg.
18:39 of 2nd period - Shot Misses the Net.
18:41 of 2nd period - Shot by Jakob Silfverberg.
18:41 of 2nd period - Shot Misses the Net.
18:43 of 2nd period - Shot by Darnell Nurse.
18:43 of 2nd period - Stopped by Andrei Vasilevskiy with a rebound.
18:45 of 2nd period - Shot by Leon Draisaitl.
18:45 of 2nd period - Shot Misses the Net.
18:47 of 2nd period - Shot by Jakob Silfverberg.
18:47 of 2nd period - Shot Misses the Net.
18:49 of 2nd period - Shot by Leon Draisaitl.
18:49 of 2nd period - Stopped by Andrei Vasilevskiy without a rebound.
18:50 of 2nd period - Tyler Bozak wins face-off versus Aleksander Barkov in SACRAMENTO BANDITS zone.
18:55 of 2nd period - Shot by Andrew Cogliano.
18:55 of 2nd period - Deflect By Tyler Bozak.
18:55 of 2nd period - Stopped by Andrei Vasilevskiy without a rebound.
18:56 of 2nd period - Aleksander Barkov wins face-off versus Tyler Bozak in SACRAMENTO BANDITS zone.
19:16 of 2nd period - Shot by Aleksander Barkov.
19:16 of 2nd period - Stopped by Martin Jones without a rebound.
19:17 of 2nd period - Jordan Martinook wins face-off versus Leon Draisaitl in ANCHORAGE ACES zone.
19:54 of 2nd period - Jordan Martinook is hit by Leon Draisaitl and loses puck.
Goals for this period are 2 for SACRAMENTO BANDITS vs 1 for ANCHORAGE ACES.
Shots for this period are 13 for SACRAMENTO BANDITS vs 15 for ANCHORAGE ACES.

3rd period


0:01 of 3rd period - Aleksander Barkov wins face-off versus Leon Draisaitl in neutral zone.
0:41 of 3rd period - Shot by Aleksander Barkov.
0:41 of 3rd period - Shot Misses the Net.
0:43 of 3rd period - Shot by Aaron Ekblad.
0:43 of 3rd period - Stopped by Martin Jones without a rebound.
0:44 of 3rd period - Claude Giroux wins face-off versus Nathan MacKinnon in ANCHORAGE ACES zone.
2:03 of 3rd period - Darnell Nurse is hit by Jordan Martinook and loses puck.
2:23 of 3rd period - Jacob Trouba is hit by Jordan Martinook.
2:43 of 3rd period - Shot by Jujhar Khaira.
2:43 of 3rd period - Stopped by Martin Jones without a rebound.
2:44 of 3rd period - Aleksander Barkov wins face-off versus Leon Draisaitl in ANCHORAGE ACES zone.
3:51 of 3rd period - Icing by Aaron Ekblad.
3:52 of 3rd period - Nate Thompson wins face-off versus Scott Laughton in SACRAMENTO BANDITS zone.
4:11 of 3rd period - Jacob Trouba is hit by Scott Laughton and loses puck.
4:24 of 3rd period - Shot by Jacob Trouba.
4:24 of 3rd period - Shot Blocked by Ivan Provorov.
5:05 of 3rd period - Icing by Mattias Ekholm.
5:06 of 3rd period - Claude Giroux wins face-off versus Nathan MacKinnon in SACRAMENTO BANDITS zone.
5:22 of 3rd period - Shot by Nathan MacKinnon.
5:22 of 3rd period - Stopped by Andrei Vasilevskiy without a rebound.
5:23 of 3rd period - Leon Draisaitl wins face-off versus Jordan Martinook in SACRAMENTO BANDITS zone.
5:28 of 3rd period - Shot by Frank Vatrano.
5:28 of 3rd period - Shot Misses the Net.
5:44 of 3rd period - Shot by Clayton Keller.
5:44 of 3rd period - Stopped by Martin Jones without a rebound.
5:45 of 3rd period - Nathan MacKinnon wins face-off versus Aleksander Barkov in ANCHORAGE ACES zone.
6:40 of 3rd period - Shot by Jonathan Huberdeau.
6:40 of 3rd period - Stopped by Martin Jones without a rebound.
6:41 of 3rd period - Leon Draisaitl wins face-off versus Claude Giroux in ANCHORAGE ACES zone.
6:43 of 3rd period - Icing by Jakob Silfverberg.
6:44 of 3rd period - Leon Draisaitl wins face-off versus Jakub Voracek in ANCHORAGE ACES zone.
6:59 of 3rd period - Shot by Jonathan Huberdeau.
6:59 of 3rd period - Shot Blocked by Deryk Engelland.
7:01 of 3rd period - Shot by Ivan Provorov.
7:01 of 3rd period - Shot Blocked by Deryk Engelland.
7:05 of 3rd period - Shot by Jonathan Huberdeau.
7:05 of 3rd period - Stopped by Martin Jones without a rebound.
7:06 of 3rd period - Tyler Bozak wins face-off versus Jordan Martinook in ANCHORAGE ACES zone.
7:39 of 3rd period - Shot by Jordan Martinook.
7:39 of 3rd period - Shot Blocked by Jacob Trouba.
8:12 of 3rd period - Shot by Aleksander Barkov.
8:12 of 3rd period - Stopped by Martin Jones without a rebound.
8:13 of 3rd period - Nathan MacKinnon wins face-off versus Claude Giroux in ANCHORAGE ACES zone.
8:13 of 3rd period - Nathan MacKinnon is hit by Jonathan Huberdeau.
8:33 of 3rd period - Icing by Aaron Ekblad.
8:34 of 3rd period - Leon Draisaitl wins face-off versus Claude Giroux in SACRAMENTO BANDITS zone.
8:47 of 3rd period - Shot by Frank Vatrano.
8:47 of 3rd period - Deflect By Leon Draisaitl.
8:47 of 3rd period - Stopped by Andrei Vasilevskiy with a rebound.
8:49 of 3rd period - Shot by Jakob Silfverberg.
8:49 of 3rd period - Shot Blocked by Ivan Provorov.
8:51 of 3rd period - Shot by Jakob Silfverberg.
8:51 of 3rd period - Shot Blocked by Aaron Ekblad.
9:39 of 3rd period - Shot by Nathan MacKinnon.
9:39 of 3rd period - Deflect By Connor McDavid.
9:39 of 3rd period - Goal by Connor McDavid - SACRAMENTO BANDITS : 4 - ANCHORAGE ACES : 4.
9:40 of 3rd period - Aleksander Barkov wins face-off versus Andrew Cogliano in neutral zone.
9:53 of 3rd period - Shot by Aleksander Barkov.
9:53 of 3rd period - Stopped by Martin Jones without a rebound.
9:54 of 3rd period - Nathan MacKinnon wins face-off versus Jordan Martinook in ANCHORAGE ACES zone.
10:15 of 3rd period - Shot by Nathan MacKinnon.
10:15 of 3rd period - Shot Misses the Net.
11:15 of 3rd period - Shot by Aleksander Barkov.
11:15 of 3rd period - Goal by Aleksander Barkov - SACRAMENTO BANDITS : 5 - ANCHORAGE ACES : 4.
11:16 of 3rd period - Claude Giroux wins face-off versus Tyler Bozak in neutral zone.
12:29 of 3rd period - Shot by Leon Draisaitl.
12:29 of 3rd period - Stopped by Andrei Vasilevskiy without a rebound.
12:30 of 3rd period - Nathan MacKinnon wins face-off versus Aleksander Barkov in SACRAMENTO BANDITS zone.
12:31 of 3rd period - Shot by Connor McDavid.
12:31 of 3rd period - Shot Misses the Net.
12:33 of 3rd period - Shot by Connor McDavid.
12:33 of 3rd period - Stopped by Andrei Vasilevskiy with a rebound.
12:35 of 3rd period - Shot by Ben Chiarot.
12:35 of 3rd period - Shot Blocked by Mattias Ekholm.
12:47 of 3rd period - Shot by Nathan MacKinnon.
12:47 of 3rd period - Deflect By Connor McDavid.
12:47 of 3rd period - Stopped by Andrei Vasilevskiy with a rebound.
12:57 of 3rd period - Shot by Connor McDavid.
12:57 of 3rd period - Shot Misses the Net.
14:00 of 3rd period - Shot by Frank Vatrano.
14:00 of 3rd period - Stopped by Andrei Vasilevskiy with a rebound.
15:08 of 3rd period - Shot by Jonathan Huberdeau.
15:08 of 3rd period - Stopped by Martin Jones with a rebound.
15:13 of 3rd period - Icing by Jacob Trouba.
15:14 of 3rd period - Scott Laughton wins face-off versus Cal Clutterbuck in ANCHORAGE ACES zone.
15:15 of 3rd period - Shot by Drake Caggiula.
15:15 of 3rd period - Shot Misses the Net.
15:17 of 3rd period - Shot by Mattias Ekholm.
15:17 of 3rd period - Stopped by Martin Jones without a rebound.
15:18 of 3rd period - Nate Thompson wins face-off versus Scott Laughton in ANCHORAGE ACES zone.
15:29 of 3rd period - Shot by Nate Thompson.
15:29 of 3rd period - Stopped by Andrei Vasilevskiy without a rebound.
15:30 of 3rd period - Claude Giroux wins face-off versus Leon Draisaitl in SACRAMENTO BANDITS zone.
15:30 of 3rd period - Claude Giroux is hit by Frank Vatrano.
15:44 of 3rd period - Icing by Ryan Suter.
15:45 of 3rd period - Leon Draisaitl wins face-off versus Dale Weise in ANCHORAGE ACES zone.
16:12 of 3rd period - Shot by Aleksander Barkov.
16:12 of 3rd period - Shot Misses the Net.
17:15 of 3rd period - Shot by Claude Giroux.
17:15 of 3rd period - Shot Misses the Net.
18:07 of 3rd period - Jacob Trouba is hit by Jordan Martinook and loses puck.
19:04 of 3rd period - ANCHORAGE ACES, Martin Jones is pulled from the net.
Goals for this period are 1 for SACRAMENTO BANDITS vs 1 for ANCHORAGE ACES.
Shots for this period are 10 for SACRAMENTO BANDITS vs 8 for ANCHORAGE ACES.


JOHNNY
GAUDREAU
MATTHEW
BOLDY
OWEN
TIPPETT

EAST COAST

HOCKEY LEAGUE

  • 29.PIT6MAN7
  • 30.ATL6NHW2
  • 31.WOR4PET3
  • 32.3RHI4
  • 33.CHIQUE
  • 34.LIMCHA
  • 35.LONTRV
  • 36.BALCHW